 Dungeon Crawl Stone Soup version 0.21.0-24-g2553a33 (webtiles) character file.

273 Gorglomux the Skirmisher (level 6, -4/56 HPs)
             Began as a Ghoul Monk on Jan 20, 2018.
             Slain by an ogre
             ... wielding a +0 giant club
              (19 damage)
             ... on level 4 of the Dungeon.
             The game lasted 00:03:18 (2520 turns).

Gorglomux the Skirmisher (Ghoul Monk)               Turns: 2520, Time: 00:03:19

Health: -4/56      AC: 12    Str: 19    XL:     6   Next: 24%
Magic:  5/5        EV:  6    Int:  5    God:
Gold:   178        SH:  0    Dex: 11    Spells: 5/5 levels left

rFire    . . .     SeeInvis .     - Unarmed
rCold    + . .     Gourm    .   (no shield)
rNeg     + + +     Faith    .   l - +0 plate armour
rPois    ∞         Spirit   .   k - +0 helmet
rElec    .         Reflect  .   (no cloak)
rCorr    .         Harm     +   (no gloves)
MR       .....                  (no boots)
Stlth    ..........             i - amulet of harm
HPRegen  0.00/turn              K - +2 ring of strength
MPRegen  0.09/turn              (no ring)

@: rotting
A: rotting body, claws 1, carnivore, cold resistance 1, negative energy
resistance 3, inhibited regeneration, torment resistance, unbreathing
a: no special abilities


You were on level 4 of the Dungeon.
You were not hungry.

You visited 1 branch of the dungeon, and saw 4 of its levels.

You collected 178 gold pieces.

Inventory:

Armour
 k - a +0 helmet (worn)
 l - a +0 plate armour (worn)
Jewellery
 i - an amulet of harm (around neck)
 K - a +2 ring of strength (left claw)
Wands
 I - a wand of iceblast (14)
Scrolls
 R - a scroll of identify
 T - 3 scrolls of teleportation
 U - a scroll of remove curse
 W - a scroll of enchant weapon {unknown}
Potions
 d - a potion of heal wounds
 h - 2 potions of brilliance
 j - 3 potions of magic
 Q - a potion of curing
 Y - a potion of degeneration {unknown}
Comestibles
 b - 4 rations


   Skills:
 + Level 5.2 Fighting
 + Level 2.4 Armour
 - Level 2.6 Dodging
 - Level 2.1 Stealth
 + Level 5.2 Unarmed Combat


You had 5 spell levels left.
You didn't know any spells.

Dungeon Overview and Level Annotations

Branches:
Dungeon (4/15)
 Temple: D:4-7

Altars:


Innate Abilities, Weirdness & Mutations

Your body is rotting away.
You thrive on raw meat.
You are immune to poison.
You have sharp fingernails.
You are carnivorous and can eat meat at any time.
Your flesh is cold resistant. (rC+)
You are immune to negative energy. (rN+++)
You do not regenerate when monsters are visible.
You are immune to unholy pain and torment.
You can survive without breathing.


Message History

The adder skeleton bites you but does no damage!
Your plate armour prevents you from hitting the ogre!
The ogre is heavily wounded!
The adder skeleton completely misses you!
The ogre hits butt butt does no damage!
Okay, then!
You eviscerate the adder skeleton!
The adder skeleton is almost destroyed!
The adder butt barely misses you!
You eviscerate the adder skeleton!!!
You butt the adder skeleton!!!
The ogre hits you with a giant club!!! * * * don't die
* * * You eviscerate the ogre!
The ogre is almost dead!
The ogre hits butt but does no damage!
You barely miss the ogre!
The ogre is butt dead!
The ogre hits you with a giant club!!! rip

##### ..#.. #.#.#
#.#.# #.#.# # #
#@#.#+#####.#
####.#O#.....!...#
................>..
......#...........#
......#..<........#
..... #..#.........
......$..+.......##
.....##..#.......#
.... #..#.......#


You could see an ogre.

Vanquished Creatures
  A howler monkey (D:3)
  An orc wizard (D:3)
  Natasha (thrice) (D:2)
  3 gnolls
  2 adders (D:3)
  3 oozes
  An adder skeleton (D:4)
  3 worms
  A dart slug (D:3)
  9 orcs (D:3)
  2 ball pythons
  A giant cockroach (D:1)
  A goblin (D:2)
  4 hobgoblins
  6 jackals
  8 kobolds
  4 bats
  3 frilled lizards
  3 rats
59 creatures vanquished.

Notes
Turn   | Place    | Note
-------+----------+-------------------------------------------
     0 | D:1      | Gorglomux the Ghoul Monk began the quest for the Orb.
     0 | D:1      | Reached XP level 1. HP: 19/19 MP: 0/0
   109 | D:1      | Reached XP level 2. HP: 17/26 MP: 1/1
   490 | D:1      | Reached XP level 3. HP: 33/33 MP: 2/2
   842 | D:2      | Noticed Natasha
   852 | D:2      | Killed Natasha
   866 | D:2      | Noticed Natasha
   877 | D:2      | Killed Natasha
   877 | D:2      | Reached skill level 1 in Armour
   877 | D:2      | Reached XP level 4. HP: 16/40 MP: 3/3
   937 | D:2      | Noticed Natasha
   967 | D:2      | Killed Natasha
  1383 | D:2      | Reached XP level 5. HP: 45/45 MP: 4/4
  1873 | D:3      | Reached XP level 6. HP: 46/56 MP: 5/5
  2520 | D:4      | Slain by an ogre

Skill      XL: |  1  2  3  4  5 |
---------------+----------------+-----
Fighting       | 4 5 |  5.2
Unarmed Combat | 4 5 |  5.2
Armour         | 1 2 |  2.4
Dodging        | |  2.6
Stealth        | |  2.1

Action                   |  1- 3 |  4- 6 || total
-------------------------+-------+-------++-------
Melee: Unarmed           |    73 |   132 ||   205
       Punch             |       |     2 ||     2
  Use: Scroll            |       |     8 ||     8
 Stab: Sleeping          |     1 |       ||     1
  Eat: Chunk             |     6 |    16 ||    22
Armor: Robe              |    10 |       ||    10
       Plate armour      |    17 |    73 ||    90
Dodge: Dodged            |    32 |    34 ||    66
